cohdb
Replays
Latest Replays
All Replays
Popular Replays
Top Player Replays
Match Explorer
How It Works
Community
CoH3 Stats
Reddit
Sign in to upload your games and track your stats! →
Sign in with Steam
Match 29727826
Unlisted
Match 29727826
Overview
Messages
Build Orders
End
Panzergrenadier Squad
Selects Armored Support Battlegroup
250 Light Carrier
Construct Light Support Kompanie
Assault Grenadier Squad
Fire Support Elements
Selects Superior Fire Drills
Kradschützen Motorcycle Team
Pak 38 Anti-tank Gun Team
Panzerjäger Mechanized Group
Pak 38 Anti-tank Gun Team
Sof Ya Nos
Ily
0
0
Comments
sign in to comment!
No comments posted yet!